 Dungeon Crawl Stone Soup version 0.31-a0-145-g046c7d2549 (webtiles) character file.

Game seed: 1026514688125947155

5189 RepHenryClay the Cruncher (level 10, -4/75 (78) HPs)
             Began as a Demonspawn Gladiator on June 6, 2023.
             Was a High Priest of Okawaru.
             Shot with an arrow by a centaur (7 damage)
             ... on level 8 of the Dungeon.
             The game lasted 00:14:37 (7721 turns).

RepHenryClay the Cruncher (Demonspawn Gladiator)    Turns: 7721, Time: 00:14:38

HP:   -4/75 (78)    AC: 16    Str: 23    XL:     10   Next: 34%
MP:   15/15         EV: 17    Int:  6    God:    Okawaru [*****.]
Gold: 526           SH:  0    Dex: 15    Spells: 9/9 levels left

rFire   . . .        a - +0 quarterstaff
rCold   . . .        (shield currently unavailable)
rNeg    . . .        m - +4 scale mail of the Lute {+Blink Str+5 Int-4}
rPois   .            c - +0 helmet
rElec   .            (no cloak)
rCorr   +            (no gloves)
SInv    .            (no boots)
Will    .....        (no amulet) Stlth
                     A - ring of resist corrosion
HPRegen 0.32/turn    (no ring)
MPRegen 0.28/turn

%: no passive effects
@: agile, studying Polearms, lightly drained
A: rugged brown scales 3, powered by pain 2, magic regeneration
a: Renounce Religion, Evoke Blink, Heroism, Finesse, Duel


You were on level 8 of the Dungeon.
You worshipped Okawaru.
Okawaru was extremely pleased with you.
You visited 1 branch of the dungeon, and saw 8 of its levels.
You also visited: Bailey.

You collected 526 gold pieces.

Inventory:

Hand Weapons
 a - a +0 quarterstaff (weapon)
 n - a +3 spear of venom
 C - a +2 trident of pain
Missiles
 d - 5 throwing nets
 e - a javelin
 g - 2 atropa-tipped darts
 r - 7 poisoned darts (quivered)
Armour
 b - a +0 leather armour
 c - a +0 helmet (worn)
 l - the +3 leather armour of Nasch {rF+ Int+5}
   (You found it on level 2 of the Dungeon)

   Int:       It affects your intelligence (+5).
   rF:        It protects you from fire.
 m - the +4 scale mail of the Lute (worn) {+Blink Str+5 Int-4}
   (You found it on level 2 of the Dungeon)

   Str:       It affects your strength (+5).
   Int:       It affects your intelligence (-4).
   +Blink:    It lets you blink.
 E - +2 steam dragon scales
Jewellery
 A - a ring of resist corrosion (left hand)
Wands
 q - a wand of quicksilver (3)
 w - a wand of paralysis (8)
 z - a wand of iceblast (2)
Scrolls
 h - 5 scrolls of identify {@r1}
 j - a scroll of enchant weapon
 k - 2 scrolls of butterflies
 o - 3 scrolls of teleportation
 s - a scroll of vulnerability
 t - a scroll of blinking
 v - a scroll of poison
 y - a scroll of amnesia
 D - a scroll of immolation {unknown}
Potions
 f - 5 potions of curing
 i - a potion of invisibility {unknown}
 p - 2 potions of magic
 u - 3 potions of might
 x - 3 potions of brilliance


   Skills:
 + Level 4.9 Fighting
 * Level 10.1 Staves
 - Level 1.7 Throwing
 + Level 6.5 Armour
 + Level 4.9 Dodging
 - Level 7.2 Invocations


You had 9 spell levels left.
You didn't know any spells.
Your spell library contained the following spells:

 Spells                   Type           Power      Damage    Failure   Level
 Apportation              Tloc           0%         N/A       75%         1
 Necrotise                Necr           0%         1d4       75%         1
 Poisonous Vapours        Pois/Air       0%         N/A       86%         2
 Dazzling Flash           Conj/Hex       0%         N/A       98%         3
 Mephitic Cloud           Conj/Pois/Air  0%         N/A       98%         3
 Ozocubu's Armour         Ice            0%         N/A       98%         3
 Volatile Blastmotes      Fire/Tloc      0%         2d10      98%         3
 Iskenderun's Mystic Bla  Conj/Tloc      0%         2d3       100%        4
 Freezing Cloud           Conj/Ice/Air   0%         6-21      100%        5
 Starburst                Conj/Fire      0%         6d3       100%        6
 Ozocubu's Refrigeration  Ice            0%         4d7       100%        7
 Summon Small Mammal      Summ           Unusable   N/A       N/A         1

Dungeon Overview and Level Annotations

Branches:
Dungeon (8/15)             Temple (0/1) D:7          Bailey (visited)
   Lair: D:8-11

Altars:
Dithmenos
Gozag
Okawaru

Annotations:
D:8 Joseph


Innate Abilities, Weirdness & Mutations

You are completely covered in rugged brown scales. (AC +3, +7% HP)
You sometimes gain power by taking damage.
You regenerate magic rapidly.


Message History

Huge Dmg: -20%(-15hp) hp: 18%(13hp)
As you read the scroll of teleportation, it crumbles to dust.
You feel strangely unstable.
The wight hits you with a +0 short sword.
* * * LOW HITPOINT WARNING * * *
Huge Dmg: -4%(-3hp) hp: 14%(10hp)
Your surroundings suddenly seem different.
An orc wizard and Joseph come into view.
The orc wizard shouts!
You hear an angry buzzing noise.
You hear a shout!
Joseph unwields a +0 quarterstaff.
Joseph wields a +0 sling.
Joseph shoots a sling bullet.
The sling bullet barely misses you.
Okay, then.
Okay, then.
As you read the scroll of fear, it crumbles to dust.
You assume a fearsome visage.
The orc wizard looks frightened!
Joseph looks frightened!
The orc wizard mumbles some strange words.
The orc wizard flickers and vanishes!
Deactivating autopickup; reactivate with Ctrl-A.
A kobold brigand comes into view.
It is wielding a +0 short sword and quivering poisoned darts.
The kobold brigand shouts!
The kobold brigand throws a poisoned dart.
There is an open door here.
An orc wizard comes into view. It is wielding a +0 dagger.
Joseph shoots a sling bullet.
The sling bullet hits you!
* * * LOW HITPOINT WARNING * * *
You focus on the pain.
You feel agile all of a sudden.
Huge Dmg: -17%(-13hp) hp: 3%(2hp)
Okay, then.
As you read the scroll of fear, it crumbles to dust.
You assume a fearsome visage.
Joseph looks frightened!
As you read the scroll of fear, it crumbles to dust.
You assume a fearsome visage.
Nothing appears to happen.
A centaur comes into view.
The centaur wields a +0 orcbow.
The centaur shoots an arrow.
The arrow hits you.
* * * LOW HITPOINT WARNING * * *
The centaur shoots an arrow.
The arrow hits you!
You die...

#.......#.##..##..#
#.......##.. #..###
#..<....# ##.. #.
#.......# #..
#.......# #
#.......# #.......#
# #.......#.#
#....@.$#.#.# #
#####.#.c....#o
#...#.###.# #...#
#...#
#.#.#.###.###.#
#.#.#.........#
#K#.#####'######
#.#..............
#..........######


You could see a kobold brigand and a centaur.

Vanquished Creatures
  A deep elf pyromancer (Bailey)
  An orc knight (Bailey)
  Maggie (D:8)
  Grinder (D:4)
  Eustachio (D:5)
  Menkaure (D:4)
  A water moccasin (D:8)
  2 sky beasts (D:8)
  A black bear (D:7)
  6 orc warriors (Bailey)
  3 ice beasts
  2 ogres
  2 centaurs
  3 phantoms
  3 bullfrogs
  4 scorpions
  2 gnoll sergeants
  2 wights (D:8)
  5 killer bees (D:8)
  3 orc priests
  2 gnoll boudas (D:4)
  3 hounds
  2 jellies
  2 sleepcaps
  Jessica (D:2)
  4 iguanas
  6 orc wizards
  Robin (D:4)
  24 gnolls
  2 adders
  A shadow imp (D:6)
  2 dart slugs (D:1)
  28 orcs
  6 bats
  6 endoplasms
  15 goblins
  9 hobgoblins
  4 kobolds
  2 quokkas
  9 ball pythons
  6 frilled lizards
  4 rats
184 creatures vanquished.

Notes
Turn   | Place    | Note
-------+----------+-------------------------------------------
     0 | D:1      | RepHenryClay the Demonspawn Gladiator began the quest for
                  | the Orb.
     0 | D:1      | Reached XP level 1. HP: 16/16 MP: 1/1
    44 | D:1      | Reached skill level 3 in Staves
   130 | D:1      | Gained mutation: You sometimes gain a little power by
                  | taking damage. [demonic ancestry]
   130 | D:1      | Reached XP level 2. HP: 20/22 MP: 2/2
   428 | D:1      | Gained mutation: You are partially covered in rugged brown
                  | scales. (AC +1, +3% HP) [demonic ancestry]
   428 | D:1      | Reached XP level 3. HP: 22/27 MP: 3/3
   573 | D:1      | Reached skill level 4 in Staves
   831 | D:2      | Noticed Jessica
   833 | D:2      | Found an opulent altar of Gozag.
   844 | D:2      | Killed Jessica
   845 | D:2      | Reached XP level 4. HP: 19/33 MP: 4/4
   997 | D:2      | Identified the +4 scale mail of the Lute {+Blink Str+5
                  | Int-4}
  1028 | D:2      | Identified the +3 leather armour of Nasch {rF+ Int+5}
  1550 | D:3      | Reached skill level 5 in Staves
  1885 | D:3      | Found an iron altar of Okawaru.
  1971 | D:3      | Became a worshipper of Warmaster Okawaru
  2691 | D:4      | Noticed Menkaure
  2700 | D:4      | Killed Menkaure
  2701 | D:4      | Reached skill level 6 in Staves
  2701 | D:4      | Reached XP level 5. HP: 23/39 MP: 5/5
  2783 | D:4      | Noticed a phantom
  2792 | D:4      | Killed a phantom
  2792 | D:4      | Reached * piety under Okawaru
  2793 | D:4      | Gained mutation: You regenerate magic rapidly. [demonic
                  | ancestry]
  2793 | D:4      | Reached XP level 6. HP: 39/45 MP: 6/6
  2855 | D:4      | Reached skill level 1 in Invocations
  3041 | D:4      | Reached XP level 7. HP: 42/51 MP: 10/10
  3165 | D:4      | Noticed Grinder
  3175 | D:4      | Reached skill level 5 in Invocations
  3194 | D:4      | Killed Grinder
  3194 | D:4      | Reached ** piety under Okawaru
  3333 | D:4      | Reached skill level 1 in Armour
  3455 | D:4      | Noticed Robin
  3478 | D:4      | Killed Robin
  3638 | D:4      | Gained mutation: You sometimes gain power by taking damage.
                  | [demonic ancestry]
  3638 | D:4      | Reached XP level 8. HP: 44/57 MP: 13/13
  4028 | D:5      | Entered Level 5 of the Dungeon
  4411 | D:5      | Reached skill level 5 in Armour
  4411 | D:5      | Noticed Eustachio
  4426 | D:5      | Killed Eustachio
  4426 | D:5      | Reached *** piety under Okawaru
  4427 | D:5      | Reached skill level 7 in Staves
  4745 | D:5      | Found a shadowy altar of Dithmenos.
  4799 | D:5      | Reached skill level 8 in Staves
  5174 | D:6      | Gained mutation: You are mostly covered in rugged brown
                  | scales. (AC +2, +5% HP) [demonic ancestry]
  5174 | D:6      | Reached XP level 9. HP: 57/64 MP: 14/14
  5534 | D:6      | Reached **** piety under Okawaru
  5815 | D:7      | Found a staircase to the Ecumenical Temple.
  6604 | D:8      | Noticed Maggie
  6643 | D:8      | Reached skill level 9 in Staves
  6765 | D:8      | Found a flagged portal.
  6806 | Bailey   | Entered a bailey
  7211 | Bailey   | Noticed an orc knight
  7229 | Bailey   | Killed an orc knight
  7230 | Bailey   | Gained mutation: You are completely covered in rugged brown
                  | scales. (AC +3, +7% HP) [demonic ancestry]
  7230 | Bailey   | Reached XP level 10. HP: 41/78 MP: 15/15
  7243 | Bailey   | Found a large runed translucent door.
  7243 | Bailey   | Found a large runed translucent door.
  7244 | Bailey   | Noticed a deep elf pyromancer
  7258 | Bailey   | Killed a deep elf pyromancer
  7639 | D:8      | Killed Maggie
  7640 | D:8      | Reached skill level 10 in Staves
  7690 | D:8      | Reached ***** piety under Okawaru
  7702 | D:8      | Noticed Joseph
  7717 | D:8      | HP: 2/75 [Joseph/sling bullet (13)]
  7721 | D:8      | Shot with an arrow by a centaur

Illustrated notes

Levels and vault maps discovered:
D:1:      saegor_arrival_simple_b, layout_loops_ring,
          chequers_serial_rivers_micro_e
D:2:      minmay_spotlight, layout_basic, basic_altar, chequers_jeans,
          uniq_jessica
D:3:      layout_loops_ring, mainiacjoe_overflow_two_lobes, chequers_big_river
D:4:      cheibrodos_pilgrimage, layout_loops_cross, minmay_liquid_box,
          uniq_grinder, uniq_robin, uniq_menkaure
D:5:      layout_cave_pools, lemuel_coloured_pillars_altar, serial_glass,
          glass_columns_c, glass_columns_b, item_on_display_a, uniq_eustachio
D:6:      layout_gridville
D:7:      layout_loops_cross, minmay_temple_entry_waves
D:8:      layout_rooms, enter_bailey_2, minmay_the_grid_2x2
          [minmay_the_grid_medium_cups, minmay_the_grid_stretched_grid,
          minmay_the_grid_holed_spiral, minmay_the_grid_prize_shrinking_boxes],
          uniq_maggie, uniq_joseph

Skill      XL: |  1  2  3  4  5  6  7  8  9 10 |
---------------+-------------------------------+-----
Staves         | 3 4 6 8 9 10 | 10.1
Invocations    | 4 7 |  7.2
Armour         | 3 5 6 |  6.5
Dodging        | 4 |  4.9
Fighting       | 4 |  4.9
Throwing       | |  1.7

Action                     |  1- 3 |  4- 6 |  7- 9 | 10-12 || total
---------------------------+-------+-------+-------+-------++-------
  Melee: Quarterstaff      |    72 |    22 |       |    10 ||   104
         Spear             |       |    96 |   468 |    50 ||   614
         Punch             |       |     2 |     4 |       ||     6
  Throw: Throwing net      |       |     1 |       |       ||     1
         Dart              |       |       |     2 |       ||     2
 Invoke: Heroism           |       |       |     4 |     2 ||     6
         Finesse           |       |       |     1 |       ||     1
  Evoke: Wand              |       |       |       |     2 ||     2
    Use: Scroll            |       |       |    15 |     4 ||    19
         Potion            |       |       |     3 |     1 ||     4
   Stab: Distracted        |       |     1 |       |       ||     1
 Armour: Leather armour    |    17 |     4 |       |       ||    21
         Scale mail        |       |    40 |   147 |    17 ||   204
  Dodge: Dodged            |    43 |    61 |   191 |    26 ||   321

Table legend: (Time is in decaauts)
 A = Elapsed time spent in this place.
 B = Non-inter-level travel time spent in this place.
 C = Inter-level travel time spent in this place.
 D = Time resting spent in this place.
 E = Time spent auto-exploring this place.
 F = Levels seen in this place.
 G = Mean time per level.
                   A        B        C        D        E       F      G
               +--------+--------+--------+--------+--------+-----+--------+
         Total |   7631 |   7326 |    305 |    893 |   4969 |   9 |  847.9 |
       Dungeon |   6936 |   6631 |    305 |    504 |   4846 |   8 |  867.0 |
        Bailey |    695 |    695 |      0 |    388 |    123 |   1 |  695.0 |
               +--------+--------+--------+--------+--------+-----+--------+

Top non-repeatable levels by time:
     D:4: 1778 daAuts
     D:3: 1182 daAuts
     D:7: 927 daAuts
     D:2: 773 daAuts
     D:1: 737 daAuts
  Bailey: 695 daAuts
     D:5: 681 daAuts
     D:6: 530 daAuts
     D:8: 324 daAuts
